[Event "Polish University-ch Teams 2024"]
[Site "Lublin"]
[Date "2024.02.24"]
[Round "3.14"]
[White "Miasik, Adrian"]
[Black "Niedbala, Bartlomiej"]
[Result "0-1"]
[ECO "A80"]
[WhiteElo "2036"]
[BlackElo "2382"]
[Annotator "TA"]
[PlyCount "84"]
[EventDate "2024.02.22"]
[EventType "team-tourn"]
[EventCountry "POL"]
[SourceTitle "playchess.com"]
[Source "ChessBase"]
[SourceQuality "1"]
[TimeControl "900+5"]

1. d4 f5 2. Bg5 g6 3. e3 Bg7 4. c4 d6 5. h4 h6 6. Bf4 Nf6 7. Nc3 O-O 8. Be2 {[%emt 0:01:16] Die Stellung ist ausgeglichen.} Nbd7 9. Nf3 c6 10. Qb3 c5 11. d5 a6 12. Nd2 Rb8 13. Rg1 (13. a4 $11) 13... Ne5 ({Besser ist} 13... b5 $1 $17 {Weiss muss nun ...bxc4 beachten.} 14. cxb5 axb5 15. Bxb5 Nb6) 14. Qc2 Kh8 15. f3 b5 16. Bxe5 dxe5 17. e4 (17. g4 $11) 17... b4 $15 18. Nd1 Nh5 19. g4 {[%emt 0:00:24] Gegen e6 gerichtet.} fxg4 20. fxg4 Nf4 21. Ne3 Qd6 22. Nf3 a5 23. O-O-O {[%emt 0:00:11] [#]} (23. Qd2 $17) 23... b3 $1 $19 24. axb3 Bd7 (24... Rxb3 $19 25. Qxb3 Nxe2+ 26. Kd2 Nd4 (26... Nxg1 $2 27. Nxg1 Rf4 28. Ne2 $19) 27. Nxd4 exd4) 25. Bf1 $15 Rb4 26. h5 g5 (26... a4 $142 27. Nd2 axb3 (27... gxh5 28. gxh5 axb3 29. Qc3 $17)) 27. Nf5 Bxf5 28. gxf5 Rfb8 (28... Nxh5 29. Qh2 g4 30. Qxh5 $18 (30. Rxg4 Nf4 $18)) 29. Nd2 Qa6 {[%emt 0:00:00] Schwarz steht deutlich aktiver.} (29... Nxh5 $2 30. Be2 Nf4 31. Rde1 $19) 30. Rg3 Bf6 31. Nb1 a4 (31... Kg7 $17 32. Rc3 Nxh5) 32. Na3 (32. bxa4 $1 $11 Rxa4 (32... Rxb2 33. Qxb2 Rxb2 34. Kxb2 $14) 33. Rb3) 32... axb3 ({Günstiger ist} 32... Rxb3 $17 33. Rxb3 Rxb3 (33... axb3 $2 34. Qf2 $17)) 33. Qd2 R8b6 (33... Ra4 $17 34. Kb1 Kg7 (34... Nxh5 35. Rh3 $17) (34... Rxa3 35. bxa3 Qxa3 36. Qb2 $11)) 34. Be2 {[%emt 0:00:00] [#]} (34. Kb1 $11 {hält das Gleichgewicht.}) 34... Ra4 $1 $17 35. Kb1 $1 Rxa3 $1 36. bxa3 Qxa3 $40 {[%emt 0:00:00][%mdl 128] ...Qa4 ist eine echte Drohung. Weiss ist in Schwierigkeiten. Weiss hat schwache schwarze Felder} 37. Bg4 $2 {[%emt 0:00:04] Der Zug kostet die Partie für Weiß.} (37. Bf1 $17) 37... Qa4 $19 {[%emt 0:00:13][%cal Ob3b2] Und ...b2! würde nun gewinnen.} 38. Rc3 $2 (38. Qb2 Qxc4 39. Re3) 38... b2 $2 (38... Nxd5 39. cxd5 (39. exd5 $2 {verliert.} b2 $19) 39... b2 (39... Qxe4+ $2 40. Rd3 $19)) 39. Qe1 (39. Qxb2 $19 Rxb2+ 40. Kxb2) 39... Qa1+ {[%emt 0:00:25] Schwarz setzt Matt.} 40. Kc2 {[%emt 0:00:01] [#]} b1=Q+ $1 41. Rxb1 Qa2+ 42. Kc1 Rxb1# {[%emt 0:00:01] Gewichteter Fehlerwert: Weiß=0.66/Schwarz=0.33.  Verlustzug:     	Weiß=1     	---        Fehler:       	Weiß=8     	Schwarz=7     Ungenau:       	Weiß=8     	Schwarz=7     OK:         	Weiß=3     	Schwarz=9     Bester:       	Weiß=2     	---        Stark:        	Weiß=1     	Schwarz=2     Brilliant:      	---       	Schwarz=1} 0-1

[Event "Polish University-ch Teams 2024"]
[Site "Lublin"]
[Date "2024.02.24"]
[Round "3.15"]
[White "Hasterok, Mateusz"]
[Black "Sygulski, Piotr"]
[Result "0-1"]
[ECO "A45"]
[WhiteElo "2150"]
[BlackElo "2035"]
[Annotator "RC"]
[PlyCount "86"]
[EventDate "2024.02.22"]
[EventType "team-tourn"]
[EventCountry "POL"]
[SourceTitle "playchess.com"]
[Source "ChessBase"]
[SourceQuality "1"]
[TimeControl "900+5"]

1. d4 Nf6 2. Bg5 Ne4 3. h4 d5 4. Nd2 Nxg5 5. hxg5 Bf5 6. e3 e6 7. Ngf3 Be7 8. g6 Bxg6 9. Ne5 Nd7 10. Nxg6 fxg6 11. Bd3 Nf8 12. Qg4 Qd7 13. O-O-O O-O-O 14. c3 e5 15. Qg3 e4 16. Be2 Kb8 17. f3 Bd6 18. Qf2 exf3 19. gxf3 Ne6 20. f4 Rdf8 21. Qg2 c6 22. Bg4 Qe7 23. Nf3 Nc7 24. Rde1 Qe4 25. Qe2 Bxf4 26. exf4 Qxf4+ 27. Nd2 h5 28. Bh3 g5 29. Qe7 Rf7 30. Qe5 g4 31. Rhf1 Qxe5 32. dxe5 Rxf1 33. Bxf1 Ne6 34. Bd3 Nf4 35. Bf5 g6 36. Bc2 h4 37. e6 Kc7 38. e7 Re8 39. Rf1 g5 40. Re1 Kd6 41. Bf5 g3 42. Nf3 Rxe7 43. Rg1 Ne2+ 0-1

[Event "Polish University-ch Teams 2024"]
[Site "Lublin"]
[Date "2024.02.24"]
[Round "3.16"]
[White "Urbanski, Wojciech"]
[Black "Brozyna, Mateusz"]
[Result "0-1"]
[ECO "D02"]
[WhiteElo "1626"]
[BlackElo "2259"]
[Annotator "TA"]
[PlyCount "100"]
[EventDate "2024.02.22"]
[EventType "team-tourn"]
[EventCountry "POL"]
[SourceTitle "playchess.com"]
[Source "ChessBase"]
[SourceQuality "1"]
[TimeControl "900+5"]

1. d4 d5 2. Bf4 Nf6 3. Nf3 c5 4. e3 Nc6 5. c3 Qb6 6. Qc1 Bf5 7. Nbd2 e6 8. Be2 h6 9. Ne5 Be7 10. g4 {[%emt 0:01:12] [#] Droht dxc5 und aus. Schwarz hat minimalen Vorteil.} Bh7 11. h4 Ne4 12. Nxe4 Bxe4 13. f3 Bh7 14. Bg3 (14. Qd2 $11 {bleibt in der Remisbreite.}) 14... Bd6 $17 {[%emt 0:00:45][%cal Rc5d4] [#] Und ...cxd4 würde nun gewinnen.} 15. f4 f6 (15... Be4 {ist vielschichtiger.} 16. O-O cxd4 17. exd4 f6) 16. Nxc6 bxc6 17. b3 Rc8 18. Qd2 ({Besser ist} 18. dxc5 $15 Bxc5 19. Kf2) 18... cxd4 19. exd4 c5 {[%emt 0:00:03] Schwarz steht aktiver.} 20. Bf2 cxd4 (20... Qc7 $142 21. dxc5 Bxf4) 21. Bxd4 Bc5 22. g5 (22. Rh3 $15) 22... Be4 $19 23. Rh2 (23. Rf1 {kämpft weiter.}) 23... hxg5 24. fxg5 e5 25. Bf2 (25. Bxc5 {einziger Zug.} Qxc5 26. c4) 25... Bxf2+ 26. Rxf2 Rxh4 {[%emt 0:00:06] Weiss muss nun ...Rh3 beachten.} 27. gxf6 Rh1+ $2 (27... gxf6 $19 {und Schwarz behält klar die Oberhand.} 28. O-O-O Rh3 (28... Qxf2 29. Bb5+ Ke7 30. Qxf2 $14) (28... Rxc3+ $2 29. Qxc3 Qxf2 30. Bb5+ Kf8 31. Rf1 $19)) 28. Bf1 $2 (28. Rf1 $17 Rxf1+ (28... gxf6 29. Rxh1 Bxh1 30. O-O-O $17) 29. Bxf1 gxf6 (29... Qxf6 $2 30. c4 $19) 30. O-O-O) 28... gxf6 29. O-O-O Rxc3+ 30. Qxc3 Qxf2 31. Bb5+ Kf7 32. Qc7+ Kg6 33. Be8+ Kh6 34. Rxh1+ Bxh1 {[%emt 0:00:01][%mdl 4096] Endspiel. KQB-KQB} 35. Qf7 Qg1+ (35... Qxa2 36. Qg6#) 36. Kb2 Qg5 ({Minderwertig wäre} 36... Qf2+ 37. Ka3 Qc5+ 38. Ka4 Qd4+ 39. b4 $11) 37. Qxa7 d4 38. Qf7 Bf3 39. Qf8+ Qg7 40. Qxg7+ (40. Qc5) 40... Kxg7 {[%emt 0:00:02] KB-KB. Ein Fehler, der zur Niederlage führt.} 41. a4 Kf8 42. Bg6 Ke7 43. Kc2 Kd6 {[%emt 0:00:04] ...Kc5 wäre nun fies.} 44. Kd3 Kc5 {[%emt 0:00:02] ( -> ...Bd5)} 45. Bf5 Bd5 {[%emt 0:00:03] Schwarz setzt Matt.} 46. a5 Bxb3 47. a6 Bc4+ 48. Ke4 Bxa6 49. Bg4 Kd6 50. Kf5 Bc8+ {[%emt 0:00:02] Gewichteter Fehlerwert: Weiß=0.57/Schwarz=0.20 (präzise) .  Verlustzug:     	Weiß=1     	---        Gewinn verpasst:   	---       	Schwarz=1     Fehler:       	Weiß=6     	Schwarz=1     Ungenau:       	Weiß=3     	Schwarz=2     OK:         	Weiß=8     	Schwarz=14    Bester:       	Weiß=3     	Schwarz=3} 0-1

[Event "Polish University-ch Teams 2024"]
[Site "Lublin"]
[Date "2024.02.24"]
[Round "3.17"]
[White "Hadrian, Patryk"]
[Black "Drozdzal, Michal"]
[Result "1/2-1/2"]
[ECO "D00"]
[WhiteElo "1658"]
[BlackElo "1557"]
[Annotator "NA RC"]
[PlyCount "89"]
[EventDate "2024.02.22"]
[EventType "team-tourn"]
[EventCountry "POL"]
[SourceTitle "playchess.com"]
[Source "ChessBase"]
[SourceQuality "1"]
[TimeControl "900+5"]

1. d4 Nf6 2. Nc3 e6 3. Bf4 d5 4. Nb5 Bd6 5. Nxd6+ cxd6 6. e3 O-O 7. Bd3 Nc6 8. c3 e5 9. Bg3 e4 10. Bc2 Ne7 11. Ne2 Bg4 12. h3 Bh5 13. Qd2 Rc8 14. Nf4 Qb6 15. Rb1 Qa6 16. Bb3 Bg6 17. Bh4 Qb5 18. Bxf6 gxf6 19. Qe2 Qc6 20. h4 a5 21. a4 Bf5 22. Nh5 Qb6 23. Nxf6+ Kg7 24. Nxd5 Nxd5 25. Bxd5 Rxc3 26. O-O Rcc8 27. g4 Bd7 28. Bxe4 Bxa4 29. g5 d5 30. Bd3 f5 31. Rfc1 Qe6 32. Rc3 Bd7 33. Rbc1 Rce8 34. Bb5 Bxb5 35. Qxb5 f4 36. Rc7+ Kh8 37. Qxb7 Qg4+ 38. Kf1 Qh3+ 39. Ke2 Rxe3+ 40. Kd2 Qxh4 41. Kc2 Qxf2+ 42. Kb1 Qh2 43. R1c6 Re2 44. Rxh7+ Qxh7+ 45. Qxh7+ 1/2-1/2

[Event "Polish University-ch Teams 2024"]
[Site "Lublin"]
[Date "2024.02.24"]
[Round "3.18"]
[White "Trybowska, Barbara"]
[Black "Adamczyk, Zuzanna"]
[Result "1/2-1/2"]
[ECO "D11"]
[WhiteElo "1859"]
[BlackElo "1970"]
[Annotator "NA RC"]
[PlyCount "109"]
[EventDate "2024.02.22"]
[EventType "team-tourn"]
[EventCountry "POL"]
[SourceTitle "playchess.com"]
[Source "ChessBase"]
[SourceQuality "1"]
[TimeControl "900+5"]

1. d4 d5 2. c4 c6 3. Nf3 Nf6 4. g3 Bg4 5. Bg2 e6 6. O-O Be7 7. Qb3 Qb6 8. c5 Qxb3 9. axb3 Na6 10. Nc3 O-O 11. h3 Bf5 12. g4 Bc2 13. Ne1 Bg6 14. Bf4 Nd7 15. Nf3 f6 16. e3 e5 17. Bg3 Bd3 18. Rfe1 e4 19. Nh4 g6 20. Bf1 Nb4 21. Ra4 Bxf1 22. Kxf1 Nd3 23. Rea1 a6 24. R1a2 Nc1 25. R2a3 Rac8 26. Ne2 Nd3 27. Ra2 Rfe8 28. Ng2 g5 29. Ne1 Nxe1 30. Kxe1 Nf8 31. Nc3 Ne6 32. Rb4 Nd8 33. Na4 a5 34. Nb6 axb4 35. Nxc8 Bf8 36. Nb6 Ne6 37. Ra4 Ng7 38. Rxb4 f5 39. Kd2 fxg4 40. hxg4 Re7 41. Ra4 Ne8 42. Nc8 Rf7 43. Ra7 Nf6 44. Nd6 Bxd6 45. cxd6 Nxg4 46. Ke2 Rd7 47. Ra8+ Kf7 48. f3 exf3+ 49. Kxf3 h5 50. Rh8 Nf6 51. Be5 h4 52. Rh6 Ne4 53. Rh7+ Ke8 54. Rh8+ Kf7 55. Rh7+ 1/2-1/2

[Event "Polish University-ch Teams 2024"]
[Site "Lublin"]
[Date "2024.02.24"]
[Round "3.19"]
[White "Mis, Mieszko"]
[Black "Marczuk, Dominik"]
[Result "1/2-1/2"]
[ECO "A38"]
[WhiteElo "2325"]
[BlackElo "2283"]
[Annotator "TA"]
[PlyCount "78"]
[EventDate "2024.02.22"]
[EventType "team-tourn"]
[EventCountry "POL"]
[SourceTitle "playchess.com"]
[Source "ChessBase"]
[SourceQuality "1"]
[TimeControl "900+5"]

1. Nf3 Nf6 2. c4 g6 3. b3 Bg7 4. Bb2 O-O 5. g3 c5 6. Bg2 Nc6 7. O-O d6 8. Nc3 e5 9. d3 h6 10. Nd2 Be6 11. Nde4 Ne8 12. Nd5 f5 13. Nec3 f4 14. Qd2 (14. e3 $14) 14... g5 $11 15. Ne4 Ne7 16. Nxe7+ Qxe7 17. b4 Nf6 18. bxc5 Nxe4 19. Bxe4 {[%emt 0:00:06] Droht cxd6 und aus.} dxc5 20. Bc3 Rad8 21. Rfb1 b6 22. Qe1 Bf5 23. Bd5+ Kh8 24. a4 e4 25. a5 exd3 {[%emt 0:01:37][%cal Od8d5] [#] Und ...Rxd5! würde nun gewinnen.} 26. Bxg7+ Kxg7 {[%emt 0:00:48] Die Stellung ist ausgeglichen.} 27. axb6 axb6 (27... Qxe2 $2 {geht unter.} 28. bxa7 (28. Rxa7+ Kg6 $18) 28... Qxe1+ 29. Rxe1 $18) 28. Qc3+ Qf6 (28... Kh7 {vereinfacht} 29. exd3 Rd6 30. Rb3 Qg7) 29. Ra7+ Rd7 30. Rxd7+ Bxd7 31. Qxf6+ ({Bitte nicht} 31. Qxd3 Bf5 32. Be4 fxg3 33. Bxf5 gxh2+ (33... Qxf5 34. fxg3 Qf2+ 35. Kh1 $11) 34. Kxh2 Qxf5 35. Qxf5 Rxf5 $17) 31... Rxf6 32. exd3 {[%emt 0:00:02][%mdl 4096] Endspiel. KRB-KRB} Bf5 33. Rb3 Rd6 34. Kg2 fxg3 35. hxg3 Kf6 36. Kf3 Be6 37. Be4 Bf5 38. Bd5 Be6 39. Be4 Ke5 {[%emt 0:00:57] Gewichteter Fehlerwert: Weiß=0.08 (makellos) /Schwarz=0.08 (makellos) .  Fehler:       	Weiß=1     	---        Ungenau:       	Weiß=2     	Schwarz=3     OK:         	Weiß=13    	Schwarz=10    Bester:       	---       	Schwarz=1} 1/2-1/2

[Event "Polish University-ch Teams 2024"]
[Site "Lublin"]
[Date "2024.02.24"]
[Round "3.20"]
[White "Panek, Bartosz"]
[Black "Jarocka, Liwia"]
[Result "0-1"]
[ECO "B13"]
[WhiteElo "2207"]
[BlackElo "2199"]
[Annotator "RC"]
[PlyCount "78"]
[EventDate "2024.02.22"]
[EventType "team-tourn"]
[EventCountry "POL"]
[SourceTitle "playchess.com"]
[Source "ChessBase"]
[SourceQuality "1"]
[TimeControl "900+5"]

1. e4 c6 2. d4 d5 3. exd5 cxd5 4. Nf3 Nc6 5. c3 Nf6 6. Bf4 g6 7. Bd3 Bg7 8. O-O O-O 9. Nbd2 Bg4 10. h3 Bxf3 11. Qxf3 Rc8 12. Rfe1 Qb6 13. Nb3 e6 14. Rab1 Nd7 15. Bd6 Nxd4 16. Qg3 Nxb3 17. Bxf8 Rxf8 18. axb3 Qxb3 19. Qc7 Nf6 20. Rec1 Ne8 21. Qe7 Qb6 22. c4 Bf6 23. Qa3 dxc4 24. Bxc4 Nd6 25. Bd3 e5 26. Re1 Re8 27. Re2 Bg7 28. Rbe1 Kh8 29. Kh1 f5 30. f3 a6 31. Qa2 Qd4 32. Bc2 Qf4 33. Qa3 Nb5 34. Qa2 e4 35. Qf7 Rf8 36. Qxb7 Be5 37. g4 Qxf3+ 38. Rg2 Qxh3+ 39. Kg1 Bd4+ 0-1

[Event "Polish University-ch Teams 2024"]
[Site "Lublin"]
[Date "2024.02.24"]
[Round "3.21"]
[White "Golecki, Jan"]
[Black "Choina, Adam"]
[Result "1-0"]
[ECO "B53"]
[WhiteElo "2185"]
[BlackElo "1900"]
[Annotator "RC"]
[PlyCount "49"]
[EventDate "2024.02.22"]
[EventType "team-tourn"]
[EventCountry "POL"]
[SourceTitle "playchess.com"]
[Source "ChessBase"]
[SourceQuality "1"]
[TimeControl "900+5"]

1. e4 c5 2. Nf3 d6 3. d4 cxd4 4. Qxd4 Nc6 5. Bb5 Bd7 6. Qd3 Nf6 7. Bg5 e6 8. Nc3 Be7 9. O-O-O a6 10. Bxc6 bxc6 11. e5 Nd5 12. Bxe7 Qxe7 13. Ne4 dxe5 14. Nxe5 f5 15. Ng3 Ra7 16. c4 Nf6 17. Rhe1 O-O 18. Qd6 Be8 19. Nxc6 Bxc6 20. Qxc6 Rc7 21. Qxa6 Rfc8 22. Nxf5 Rxc4+ 23. Kb1 Qb4 24. Qxe6+ Kh8 25. Nd6 1-0

[Event "Polish University-ch Teams 2024"]
[Site "Lublin"]
[Date "2024.02.24"]
[Round "3.22"]
[White "Szczepanik, Tomasz"]
[Black "Leskiewicz, Ignacy"]
[Result "0-1"]
[ECO "A49"]
[WhiteElo "1720"]
[BlackElo "2180"]
[Annotator "RC"]
[PlyCount "88"]
[EventDate "2024.02.22"]
[EventType "team-tourn"]
[EventCountry "POL"]
[SourceTitle "playchess.com"]
[Source "ChessBase"]
[SourceQuality "1"]
[TimeControl "900+5"]

1. Nf3 c5 2. g3 Nc6 3. d4 cxd4 4. Nxd4 Nf6 5. Bg2 g6 6. O-O Bg7 7. c3 O-O 8. e4 Qc7 9. Be3 d6 10. h3 a6 11. Na3 Rd8 12. Qe2 e5 13. Nb3 b5 14. Nc2 Be6 15. Rfd1 Bc4 16. Qe1 a5 17. Na3 Rab8 18. Nxc4 bxc4 19. Nd2 Ne7 20. Rab1 d5 21. exd5 Nfxd5 22. Qe2 Nxe3 23. Qxe3 Rd3 24. Qe1 Rbd8 25. Bf1 f5 26. Bxd3 cxd3 27. Nb3 a4 28. Nd2 e4 29. Nf1 Nc6 30. f3 Ne5 31. Nh2 Qc5+ 32. Kg2 e3 33. Nf1 e2 34. Rd2 Bh6 35. Rxe2 dxe2 36. Qxe2 Bg7 37. Re1 Nc4 38. Qe6+ Kh8 39. b3 axb3 40. axb3 Ne5 41. c4 Nd3 42. Re2 Nc1 43. Rc2 Nxb3 44. Ne3 Nd4 0-1

[Event "Polish University-ch Teams 2024"]
[Site "Lublin"]
[Date "2024.02.24"]
[Round "3.23"]
[White "Poziomkowski, Szymon"]
[Black "Jedrzejko, Martyna"]
[Result "1-0"]
[ECO "C10"]
[WhiteElo "1848"]
[BlackElo "1711"]
[Annotator "NA"]
[PlyCount "63"]
[EventDate "2024.02.22"]
[EventType "team-tourn"]
[EventCountry "POL"]
[SourceTitle "playchess.com"]
[Source "ChessBase"]
[SourceQuality "1"]
[TimeControl "900+5"]

1. e4 e6 2. d4 d5 3. Nd2 dxe4 4. Nxe4 Bd7 5. Nf3 Bc6 6. Bd3 Nd7 7. O-O Ngf6 8. Ng3 Be7 9. Bf4 Bxf3 10. Qxf3 Nd5 11. Bd2 N7f6 12. a3 O-O 13. Rfe1 c6 14. Rad1 Qb6 15. c4 Nc7 16. c5 Qxb2 17. Ba5 Nb5 18. Ne2 Qa2 19. Bxb5 cxb5 20. Qxb7 Nd5 21. Nc3 Nxc3 22. Bxc3 Qxa3 23. Ba1 Bf6 24. Qxb5 Rab8 25. Qc4 Rfd8 26. h3 Rb4 27. Qc2 Qa5 28. Bc3 Rc4 29. Bxa5 Rxc2 30. Bxd8 Bxd8 31. d5 exd5 32. Re8# 1-0

[Event "Polish University-ch Teams 2024"]
[Site "Lublin"]
[Date "2024.02.24"]
[Round "3.24"]
[White "Zarebska, Lena"]
[Black "Kaczmarska, Joanna"]
[Result "0-1"]
[ECO "B01"]
[WhiteElo "1871"]
[BlackElo "1870"]
[Annotator "NA RC"]
[PlyCount "60"]
[EventDate "2024.02.22"]
[EventType "team-tourn"]
[EventCountry "POL"]
[SourceTitle "playchess.com"]
[Source "ChessBase"]
[SourceQuality "1"]
[TimeControl "900+5"]

1. e4 d5 2. exd5 Qxd5 3. Nc3 Qa5 4. d4 Nf6 5. Nf3 Bf5 6. Bd2 c6 7. Ne5 Nbd7 8. Nc4 Qc7 9. Ne3 Be6 10. a4 g6 11. Be2 Bg7 12. Bf3 Nb6 13. a5 Nbd5 14. a6 b6 15. O-O O-O 16. Re1 Rac8 17. Ra3 Rfd8 18. Ne2 Nxe3 19. fxe3 c5 20. dxc5 Qxc5 21. Bb7 Rc7 22. Rc3 Qe5 23. Nd4 Ne4 24. Rxc7 Nxd2 25. Qxd2 Qxc7 26. Qf2 Bd5 27. Nb5 Qc5 28. Nxa7 b5 29. Bxd5 Rxd5 30. e4 Bd4 0-1

[Event "Polish University-ch Teams 2024"]
[Site "Lublin"]
[Date "2024.02.24"]
[Round "4.1"]
[White "Pacan-Milej, Kosma"]
[Black "Janik, Igor"]
[Result "0-1"]
[ECO "C01"]
[WhiteElo "2438"]
[BlackElo "2499"]
[Annotator "TA"]
[PlyCount "56"]
[EventDate "2024.02.22"]
[EventType "team-tourn"]
[EventCountry "POL"]
[SourceTitle "playchess.com"]
[Source "ChessBase"]
[SourceQuality "1"]
[TimeControl "900+5"]

1. d4 a6 2. e4 e6 3. Bd3 d5 4. e5 Bd7 5. c3 Bb5 6. Bc2 a5 7. Ne2 c5 8. a4 {[%emt 0:01:44] White is slightly better.} Bxe2 9. Qxe2 Qb6 (9... cxd4 $11 10. cxd4 Nc6) 10. dxc5 $14 Bxc5 11. O-O Nc6 12. Nd2 Qc7 13. Nb3 Bb6 14. Bf4 Nge7 15. Bg3 O-O 16. Kh1 Rfd8 17. f4 d4 18. Rad1 (18. Rf3 $16) 18... dxc3 $11 19. bxc3 Rxd1 20. Rxd1 Rd8 21. Bh4 (21. Rxd8+ $11 {remains equal.} Qxd8 22. Bh4) 21... Rxd1+ $17 22. Qxd1 Nd5 23. Qh5 (23. Qd2 $17 {is a better defense.}) 23... h6 {[%emt 0:00:12][%cal Oc6b4] [#] Hoping for ...Ncb4!} 24. Qf3 Ncb4 25. Be4 (25. Bd8 Qxd8 26. cxb4 Nxb4 27. Be4) 25... Nxc3 $19 26. Bxb7 Nxa4 {[%emt 0:00:01] Excellent horsemanship.} 27. Be4 Nc5 28. Nxc5 Qxc5 {[%emt 0:00:01] Weighted Error Value: White=0.50/Black=0.11 (very precise) .  Mistake:       	White=4     	Black=1      Inaccurate:     	White=1     	Black=2      OK:         	White=4     	Black=8      Best:        	---       	Black=3} 0-1

[Event "Polish University-ch Teams 2024"]
[Site "Lublin"]
[Date "2024.02.24"]
[Round "4.2"]
[White "Kowalski, Igor"]
[Black "Redzisz, Michal"]
[Result "1-0"]
[ECO "D11"]
[WhiteElo "2372"]
[BlackElo "2229"]
[Annotator "TA"]
[PlyCount "75"]
[EventDate "2024.02.22"]
[EventType "team-tourn"]
[EventCountry "POL"]
[SourceTitle "playchess.com"]
[Source "ChessBase"]
[SourceQuality "1"]
[TimeControl "900+5"]

1. d4 d5 2. c4 c6 3. Nf3 Nf6 4. g3 Bf5 5. Nc3 e6 6. Nh4 Bg6 7. Nxg6 hxg6 8. Qd3 {[%emt 0:00:03] White is slightly better.} Nbd7 9. Bg2 Bd6 10. O-O O-O 11. Rd1 Qc7 12. e4 dxe4 13. Nxe4 Nxe4 14. Qxe4 Nf6 15. Qe2 e5 {[%emt 0:00:17] Black is on the road to losing.} (15... Rfe8 $11) 16. c5 $16 Be7 17. dxe5 {[%emt 0:00:02] White is more active.} Nd7 (17... Nd5 $16 {was worth a try.} 18. Bxd5 cxd5 19. Rxd5 Bxc5) 18. e6 Nxc5 (18... Qe5 {might work better.} 19. exf7+ Rxf7) 19. exf7+ $18 Rxf7 20. Bf4 Qa5 21. Bh3 {[%emt 0:01:17] A strong pair of Bishops.} Kh7 22. Rac1 {[%emt 0:01:34] And now a3 would win.} Bf6 $2 {[%emt 0:01:22] [#]} (22... Rd8 23. Rxd8 Qxd8) 23. Qc4 Bxb2 24. Qxc5 Qxa2 (24... Qxc5 $142 25. Rxc5 Bf6) 25. Rc2 Qb3 (25... Qa4 $142 26. Be6 Ba3) 26. Rb1 Rxf4 27. Rbxb2 Qf3 28. gxf4 {[%emt 0:00:15] [#] White wants to mate with Rc3.} Qxh3 29. Rc3 ({Not} 29. Rxb7 Qg4+ 30. Kh1 (30. Kf1 Qd1+ 31. Kg2 Qg4+ 32. Kf1 Qd1+ 33. Kg2 Qg4+ 34. Kf1 $11) 30... Qf3+ 31. Kg1 Qg4+ 32. Kf1 Qd1+ 33. Kg2 Qg4+ 34. Kf1 Qd1+ 35. Kg2 Qg4+ 36. Kf1 $11) 29... Qe6 30. Re3 Qg4+ 31. Rg3 Qd1+ 32. Kg2 Rd8 33. Rxb7 Rd5 34. Rh3+ {[%emt 0:00:03] White mates.} Rh5 35. Rxh5+ gxh5 36. Qf5+ Kh6 37. Qg5+ Kh7 38. Qxg7# {[%emt 0:00:01] Weighted Error Value: White=0.46/Black=0.80.  Mistake:       	---       	Black=6      Inaccurate:     	White=2     	Black=1      OK:         	White=10    	Black=3      Best:        	White=1     	---} 1-0

[Event "Polish University-ch Teams 2024"]
[Site "Lublin"]
[Date "2024.02.24"]
[Round "4.3"]
[White "Galuszka, Tomasz"]
[Black "Molenda, Marcin"]
[Result "0-1"]
[ECO "B10"]
[WhiteElo "2181"]
[BlackElo "2377"]
[Annotator "TA"]
[PlyCount "84"]
[EventDate "2024.02.22"]
[EventType "team-tourn"]
[EventCountry "POL"]
[SourceTitle "playchess.com"]
[Source "ChessBase"]
[SourceQuality "1"]
[TimeControl "900+5"]

1. e4 c6 2. Nf3 d5 3. d3 g6 4. Qe2 Bg7 5. h3 Nf6 6. g4 (6. e5 $11) 6... dxe4 7. dxe4 O-O 8. Bg2 {[%emt 0:00:11] Black has an edge.} Qc7 (8... h5 $15) 9. O-O e5 10. b3 Nbd7 11. Ba3 Re8 12. Rd1 Bf8 {[%emt 0:00:01] Prevents Bd6.} 13. Qe3 Kg7 14. Nfd2 Bxa3 15. Nxa3 Nf8 16. Nf1 ({White should try} 16. Nac4 $11) 16... Ne6 17. Ng3 Nf4 18. Bf1 (18. Nc4 $15) 18... Be6 19. Ne2 g5 {[%emt 0:00:45] Black has more active pieces.} (19... Qe7 $17 20. Nb1 h5) 20. Ng3 $11 h5 21. Nf5+ (21. gxh5 $11 Kh6 (21... Bxh3 22. Bxh3 Nxh3+ 23. Kf1 $15) 22. Nc4) 21... Bxf5 $17 22. gxf5 b5 {[%emt 0:00:39] Prevents Nc4.} (22... Rg8 $142 {White must now prevent ...Kh7.} 23. Nc4 c5) 23. c4 b4 24. Nc2 c5 25. Ne1 Qc6 (25... Red8 $17 {Strongly threatening ...Rd4.} 26. Rd5 N6xd5 27. cxd5 Qd6) 26. Rd5 N6xd5 (26... N4xd5 27. cxd5 (27. Qxg5+ Kh7 $11) 27... Qb6 28. Qxg5+ Kh7 29. Qh4 $11) 27. cxd5 Qd6 28. Nf3 (28. Rc1 $17) 28... f6 (28... g4 $19 29. Ng5 a5) 29. Nd2 $15 Red8 30. Rc1 Rac8 31. Nc4 Qc7 32. Kh2 a5 (32... Rd7 $15) 33. Nb2 $11 Kh6 34. Na4 Qd6 {[%emt 0:00:23] Wards off Ba6} 35. Bb5 Rc7 36. Bc6 Rxc6 37. dxc6 Qxc6 38. Rxc5 $2 {[%emt 0:00:24] [#]} (38. Nxc5 $15 Rd4 39. h4) 38... Qd6 $2 (38... Qa6 $19 {and Black stays clearly on top. ( -> ...Qf1)} 39. Rc4 Rd3) 39. Nb2 $17 Qd2 40. Nc4 (40. Rc6 $17 Qxe3 (40... Qxb2 41. Rxf6+ Kg7 42. Qb6 $11) 41. fxe3 Rd2+ 42. Kh1 Rxb2 (42... Nxh3 43. Rxf6+ Kh7 44. Nc4 $15) 43. exf4 gxf4 44. Rxf6+ Kh7 (44... Kg5 $2 45. Rg6+ Kh4 46. f6 $18) 45. Rf7+ (45. Re6 $2 Rxa2 46. Re7+ Kh6 $19) 45... Kg8 (45... Kh6 46. Rf6+ Kh7 47. Rf7+ Kg8 48. Ra7 $17) 46. Ra7 (46. Re7 $2 Rxa2 47. Rb7 h4 $19)) 40... Qd1 $19 ({Inferior is} 40... Qxa2 41. Rxa5 (41. Nxa5 {is a self mate.} Rd2 42. Kg3 Qb1) (41. Rc6 Rd3 $11) 41... Qc2 42. Ra6 $11) 41. Qg3 $2 {[%emt 0:02:16] [#]} (41. Rc6 $19 Rd3 (41... Kg7 $2 42. Qa7+ Rd7 43. Rc7 $18) 42. Nb2 Rxe3 43. Nxd1 Rxh3+ 44. Kg1) 41... h4 42. Qg1 Qf3 {[%emt 0:00:08][%csl LRe4,LRh3] Weighted Error Value: White=0.45/Black=0.27 (precise) .  Loses game:     	White=2     	---        Missed win:     	---       	Black=1      Mistake:       	White=6     	Black=6      Inaccurate:     	White=4     	Black=5      OK:         	White=9     	Black=7      Best:        	White=1     	Black=3} 0-1